 Dungeon Crawl Stone Soup version 0.30-a0-918-g0ff054e9dc (webtiles) character file.

Game seed: 16576250461446372604

527 tilp the Slasher (level 7, -1/54 HPs)
             Began as a Meteoran Fighter on Mar 20, 2023.
             Succumbed to a killer bee's poison
             ... on level 6 of the Dungeon.
             The game lasted 00:04:58 (703 turns).

tilp the Slasher (Meteoran Fighter)                  Turns: 703, Time: 00:04:58

Health: -1/54      AC:  9    Str: 15    XL:     7   Next: 76%
Magic:  8/8        EV: 10    Int: 11    God:
Gold:   125        SH:  5    Dex: 15    Spells: 6/6 levels left

rFire   . . .      SeeInvis .    a - +0 scimitar
rCold   . . .      Faith    .    c - +0 buckler
rNeg    . . .      Spirit   .    i - +0 scale mail
rPois   .          Reflect  .    e - +2 hat
rElec   .          Rampage  .    (no cloak)
rCorr   .                        (no gloves)
Will    .....                    (no boots) Stlth
                                 (no amulet)
HPRegen 0.29/turn                (no ring)
MPRegen 0.11/turn                (no ring)

@: mighty, lethally poisoned (-1 -> -11), attractive, glowing
A: sense surroundings 1, otherworldly, glowing, explore regen, hooves 1, frail
1, weak 1
a: no special abilities


You were on level 6 of the Dungeon.
You visited 1 branch of the dungeon, and saw 7 of its levels.

You collected 125 gold pieces.

Inventory:

Hand Weapons
 a - a +0 scimitar (weapon)
 b - a +2 hand axe of flaming
 d - a +0 long sword
 g - a +4 great sword of freezing
Missiles
 k - 6 poisoned darts (quivered)
Armour
 c - a +0 buckler (worn)
 e - a +2 hat (worn)
 i - a +0 scale mail (worn)
Scrolls
 h - a scroll of identify {unknown}
 n - a scroll of vulnerability {unknown}


   Skills:
 * Level 5.0 Fighting
 * Level 6.8 Long Blades
 - Level 2.0 Throwing
 - Level 4.0 Armour
 + Level 2.9 Dodging
 - Level 4.0 Shields


You had 6 spell levels left.
You didn't know any spells.
Your spell library was empty.

Dungeon Overview and Level Annotations

Branches:
Dungeon (7/15) Zot: 3482
 Temple: D:4-7

Altars:
Qazlal

Shops:
D:7 *=


Innate Abilities, Weirdness & Mutations

You passively map a small area around you.
You are easily found by Zot.
You glow in the dark.
You regain HP and MP as you explore.
You have large cloven feet.
You are frail. (-10% HP)
You are weak. (Str -2)


Message History

You barely miss the killer bee.
You feel sick. The killer bee stings you.
* * * LOW HITPOINT WARNING * * *
The killer bee closely misses you.
You slice the killer bee!!
You kill the killer bee!
You feel sick.
You are no longer poisoned.
The killer bee stings you.
* * * LOW HITPOINT WARNING * * *
Your Fighting skill increases to level 5!
You barely miss the killer bee. The killer bee stings you.
* * * LOW HITPOINT WARNING * * *
The killer bee stings you.
* * * LOW HITPOINT WARNING * * *
Unknown command.
It was a potion of mutation.
You feel extremely strange.
You feel frail.
Your feet thicken and deform.
You feel weaker. The killer bee barely misses you.
You block the killer bee's attack.
Unknown command.
Unknown command.
You miss the killer bee. Your kick misses the killer bee.
The killer bee stings you.
* * * LOW HITPOINT WARNING * * *
The killer bee closely misses you.
You closely miss the killer bee. Your kick misses the killer bee.
The killer bee stings you.
* * * LOW HITPOINT WARNING * * *
The killer bee closely misses you.
You barely miss the killer bee.
The killer bee stings you but does no damage.
The killer bee stings you.
* * * LOW HITPOINT WARNING * * *
The killer bee stings you.
* * * LOW HITPOINT WARNING * * *
You are lethally poisoned!
The killer bee poisons you!
Unknown command.
Unknown command.
You miss the killer bee.
You die...

#.........##..#...###
###.....
#........###.###..#
##....
##.......#....○##.##
##...
#........#.....##..#
##..
#.....###....._......##
##.. ..#...
##.#.....###.)# #..# #
##., ###○...§###..#*
###.## ## ###.###...#.#
#..... , #.y@..###.#*
#####. * ####### #. *#
##


You could see a killer bee.

Vanquished Creatures
  A black bear (D:6)
  An ice beast (D:5)
  A centaur (D:6)
  A scorpion (D:5)
  A wight (D:6)
  3 killer bees (D:6)
  A hound (D:7)
  A gnoll (D:7)
  A white imp (D:5)
  A dart slug (D:5)
  3 orcs (D:6)
  A ball python (D:1)
  An endoplasm (D:1)
  2 hobgoblins
  A kobold (D:1)
20 creatures vanquished.

Notes
Turn   | Place    | Note
-------+----------+-------------------------------------------
     0 | D:1      | tilp the Meteoran Fighter began the quest for the Orb.
     0 | D:1      | Reached XP level 1. HP: 19/19 MP: 2/2
    99 | D:1      | Reached XP level 2. HP: 21/26 MP: 3/3
   232 | D:3      | You fall into a shaft and drop 3 floors!
   258 | D:5      | Entered Level 5 of the Dungeon
   286 | D:5      | Reached skill level 3 in Long Blades
   286 | D:5      | Reached skill level 1 in Dodging
   298 | D:5      | Reached XP level 3. HP: 26/31 MP: 4/4
   320 | D:5      | Noticed an ice beast
   321 | D:5      | Noticed a scorpion
   329 | D:5      | Killed an ice beast
   330 | D:5      | Reached skill level 4 in Long Blades
   330 | D:5      | Reached XP level 4. HP: 40/40 MP: 5/5
   330 | D:5      | Reached XP level 5. HP: 46/46 MP: 6/6
   335 | D:5      | Reached skill level 5 in Long Blades
   335 | D:5      | Reached XP level 6. HP: 52/52 MP: 7/7
   387 | D:7      | Found Fyax's General Store.
   407 | D:6      | Found a stormy altar of Qazlal.
   407 | D:6      | Noticed a black bear
   413 | D:6      | Noticed an ice beast
   417 | D:6      | Noticed a centaur
   421 | D:6      | Reached skill level 6 in Long Blades
   424 | D:6      | Killed a black bear
   430 | D:7      | Found Wagoamac's Jewellery Boutique.
   450 | D:7      | Reached skill level 1 in Throwing
   450 | D:7      | Reached XP level 7. HP: 58/60 MP: 8/8
   698 | D:6      | Reached skill level 5 in Fighting
   699 | D:6      | Gained mutation: You are frail. (-10% HP) [potion of
                  | mutation]
   699 | D:6      | Gained mutation: You have large cloven feet. [potion of
                  | mutation]
   699 | D:6      | Gained mutation: You are weak. (Str -2) [potion of
                  | mutation]
   702 | D:6      | HP: 2/54 [killer bee (1)]
   703 | D:6      | Succumbed to a killer bee's poison

Illustrated notes

Levels and vault maps discovered:
D:1:      dpeg_arrival_three_bigger_balls, layout_rooms, serial_shops,
          shop_fountains
D:2:      layout_basic
D:3:      layout_basic, amcnicky_altar_gilded, grunt_temple_overflow_open,
          kennysheep_decorative_pillar, kennysheep_another_room,
          minmay_checkerbox
D:4:      layout_loops_corners, uniq_blork_the_orc
D:5:      layout_basic, marbit_many_paths
D:6:      layout_layer_cave, grunt_qazlal_clouds, kennysheep_crisscross
D:7:      layout_cave_pools, minmay_temple_entry_overgrown, serial_column_ruins,
          column_ruins_corridor_dead_end, column_ruins_grid_3,
          column_ruins_grid_1, column_ruins_columns_straight,
          nicolae_lava_and_water, minmay_shop_grid_forest,
          minmay_misc_feat_diagonals

Skill      XL: |  1  2  3  4  5  6  7 |
---------------+----------------------+-----
Long Blades    | 3 4 5 6 |  6.8
Dodging        | 1 2 |  2.9
Fighting       | 4 5 |  5.0
Throwing       | 1 2 |  2.0
Armour         | 4 |  4.0
Shields        | 4 |  4.0

Action                     |  1- 3 |  4- 6 |  7- 9 || total
---------------------------+-------+-------+-------++-------
  Melee: Long sword        |    26 |     5 |       ||    31
         Scimitar          |       |     6 |    41 ||    47
    Use: Scroll            |     1 |     2 |       ||     3
         Potion            |     1 |     1 |     4 ||     6
 Armour: Scale mail        |    21 |    17 |    27 ||    65
  Dodge: Dodged            |     9 |    23 |    24 ||    56
  Block: Buckler           |     2 |     8 |    10 ||    20

Table legend: (Time is in decaauts)
 A = Elapsed time spent in this place.
 B = Non-inter-level travel time spent in this place.
 C = Inter-level travel time spent in this place.
 D = Time resting spent in this place.
 E = Time spent auto-exploring this place.
 F = Levels seen in this place.
 G = Mean time per level.
                   A        B        C        D        E       F      G
               +--------+--------+--------+--------+--------+-----+--------+
         Total |    717 |    706 |     11 |     11 |      0 |   7 |  102.4 |
       Dungeon |    717 |    706 |     11 |     11 |      0 |   7 |  102.4 |
               +--------+--------+--------+--------+--------+-----+--------+

Top non-repeatable levels by time:
     D:6: 319 daAuts
     D:5: 117 daAuts
     D:1: 112 daAuts
     D:2: 105 daAuts
     D:7: 45 daAuts
     D:3: 14 daAuts
     D:4: 2 daAuts
